 Dungeon Crawl Stone Soup version 0.21.1-1-g345015f (webtiles) character file.

2095 Kagorn the Skirmisher (level 9, -4/58 HPs)
             Began as a Gargoyle Berserker on June 11, 2018.
             Was a Believer of Trog.
             Killed from afar by a gargoyle (21 damage)
             ... with a stone arrow
             ... on level 8 of the Dungeon.
             The game lasted 00:50:40 (7082 turns).

Kagorn the Skirmisher (Gargoyle Berserker)          Turns: 7082, Time: 00:50:40

Health: -4/58      AC: 22    Str: 21      XL:     9   Next: 27%
Magic:  9/9        EV:  7    Int:  8      God:    Trog [**....]
Gold:   384        SH:  0    Dex: 11 (12) Spells: 8/8 levels left

rFire    . . .     SeeInvis .   s - +2 dagger (vamp)
rCold    . . .     Gourm    .   (no shield)
rNeg     + . .     Faith    .   A - +0 plate armour
rPois    ∞         Spirit   .   x - +2 hat
rElec    +         Reflect  .   B - +0 cloak
rCorr    .         Harm     .   (no gloves)
MR       ++...                  (no boots)
Stlth    ..........             (no amulet)
HPRegen  1.19/turn              (no ring)
MPRegen  0.11/turn              (no ring)

@: regenerating, hasted, very quick
A: negative energy resistance 1, electricity resistance, unbreathing,
petrification resistance, rot immunity, AC +6
a: Berserk, Trog's Hand, Burn Spellbooks, Renounce Religion


You were on level 8 of the Dungeon.
You worshipped Trog.
Trog was pleased with you.
You were not hungry.

You visited 1 branch of the dungeon, and saw 8 of its levels.

You collected 384 gold pieces.

Inventory:

Hand Weapons
 l - a +1 war axe
 s - a +2 vampiric dagger (weapon)
 C - a +2 mace of protection
Missiles
 h - 7 poisoned javelins (quivered)
Armour
 v - a +0 helmet
 x - a +2 hat (worn)
 A - a +0 plate armour (worn)
 B - a +0 cloak (worn)
Jewellery
 r - an uncursed ring of magical power
Wands
 w - a wand of scattershot (6)
Scrolls
 b - 3 scrolls of magic mapping
 d - 7 scrolls of remove curse
 n - a scroll of torment {unknown}
 p - a scroll of fear {unknown}
 u - a scroll of enchant armour
 y - 3 scrolls of enchant weapon
Potions
 j - 4 potions of haste
 k - a potion of invisibility {unknown}
 m - a potion of flight {unknown}
 q - 2 potions of agility {unknown}
 t - a potion of cancellation {unknown}
 z - a potion of lignification {unknown}
Books
 i - a book of Misfortune

   Spells                             Type                      Level
   a - Confusing Touch                Hexes                        1
   b - Confuse                        Hexes                        3
   c - Gell's Gravitas                Translocation                3
   d - Petrify                        Transmutation/Earth          4
   e - Metabolic Englaciation         Hexes/Ice                    5
   f - Yara's Violent Unravelling     Hexes/Transmutation          5
   Trog disapproves of the use of such an item.
Comestibles
 c - 9 rations


   Skills:
 * Level 7.6 Fighting
 * Level 2.3 Short Blades
 - Level 4.6(5.2) Axes
 * Level 3.8(5.1) Maces & Flails
 + Level 5.3 Armour
 + Level 3.9 Dodging
 + Level 5.0 Stealth


You had 8 spell levels left.
You didn't know any spells.

Dungeon Overview and Level Annotations

Branches:
Dungeon (8/15)             Temple (0/1) D:6
   Lair: D:8-11

Altars:
Ashenzari
Fedhas
Gozag
Hepliaklqana
Okawaru
Ru
Trog
Uskayaw
Yredelemnul
The Shining One

Annotations:
D:8 emiel's ghost, novice CeHu


Innate Abilities, Weirdness & Mutations

You are resistant to torment.
Your stone body is resilient. (AC +6)
You are immune to poison.
You resist negative energy. (rN+)
You are resistant to electric shocks. (rElec)
You can survive without breathing.
You are immune to petrification.
You are immune to rotting.


Message History

The gargoyle hits you but does no damage.
You hit the gargoyle but do no damage.
The gargoyle is severely damaged.
You barely miss the gargoyle.
The gargoyle is severely damaged.
The gargoyle hits you with a mace.
* * * LOW HITPOINT WARNING * * *
You hit the gargoyle but do no damage.
The gargoyle is heavily damaged.
You hit the gargoyle but do no damage.
The gargoyle is heavily damaged.
You feel the effects of Trog's Hand fading.
The gargoyle hits you with a mace!
* * * LOW HITPOINT WARNING * * *
You feel better.
You hit the gargoyle.
The gargoyle is severely damaged.
The gargoyle hurls a stone arrow at you.
The stone arrow hits you!
You die...

#.#####...###.#
#[............#
#######....######.
##...........
#.....######.
##.P..#######
##+##.T..(.......
#...##9†...######
#....@.....#
#....'.....#
#...##.....#
##+##(.....#
##.P...# #......#
##.....# #.....#
#######


You could see a troll and a gargoyle.

Vanquished Creatures
  Grinder (D:4)
  Eustachio (D:4)
  An ice beast (D:8)
  A phantom (D:4)
  2 ogres (D:5)
  2 black bears (D:6)
  The ghost of Drak the Sneak, an amateur HuWn of Yredelemnul (D:3)
  A big kobold (D:8)
  A bullfrog (D:7)
  Blork the orc (D:5)
  A wyvern skeleton (D:6)
  A scorpion (D:4)
  A crimson imp (D:5)
  A quasit (D:4)
  2 centaur skeletons
  A hound (D:4)
  5 orc wizards
  5 orc priests (D:3)
  Crazy Yiuf (D:7)
  A jelly (D:6)
  A bullfrog skeleton (D:4)
  7 worker ants
  8 adders
  A shadow imp (D:5)
  An ooze (D:3)
  3 worms
  A dart slug (D:4)
  A leopard gecko (D:3)
  20 orcs
  A ball python (D:3)
  8 bats
  4 giant cockroaches
  A goblin (D:3)
  4 hobgoblins
  10 jackals
  4 kobolds
  2 quokkas
  2 frilled lizards
  A jackal skeleton (D:5)
  A quokka skeleton (D:6)
  2 quokka zombies
  6 rats
  20 plants (D:4)
  2 toadstools (D:1)
142 creatures vanquished.

Vanquished Creatures (others)
  2 toadstools (D:1)
2 creatures vanquished.

Grand Total: 144 creatures vanquished

Notes
Turn   | Place    | Note
-------+----------+-------------------------------------------
     0 | D:1      | Kagorn the Gargoyle Berserker began the quest for the Orb.
     0 | D:1      | Reached XP level 1. HP: 14/14 MP: 1/1
   246 | D:1      | Reached XP level 2. HP: 16/19 MP: 2/2
  1377 | D:2      | Reached XP level 3. HP: 17/24 MP: 3/3
  1602 | D:3      | Noticed Drak's ghost (amateur HuWn)
  1610 | D:3      | HP: 1/24 [Drak's ghost (7)]
  2124 | D:3      | Reached skill level 1 in Stealth
  2472 | D:3      | Reached skill level 4 in Fighting
  2472 | D:3      | Reached XP level 4. HP: 27/29 MP: 4/4
  2480 | D:3      | Reached skill level 1 in Axes
  2480 | D:3      | Reached XP level 5. HP: 24/33 MP: 5/5
  2486 | D:3      | Reached ** piety under Trog
  2551 | D:3      | Killed Drak's ghost
  2605 | D:3      | Reached XP level 6. HP: 24/39 MP: 6/6
  2693 | D:3      | Reached skill level 5 in Fighting
  2986 | D:4      | Reached XP level 7. HP: 36/44 MP: 7/7
  3153 | D:4      | Noticed Eustachio
  3422 | D:4      | Killed Eustachio
  3494 | D:4      | Noticed Grinder
  3531 | D:4      | Paralysed by Grinder for 7 turns
  3541 | D:4      | Killed Grinder
  3543 | D:4      | Reached skill level 6 in Fighting
  3571 | D:4      | Reached XP level 8. HP: 38/51 MP: 8/8
  4244 | D:5      | Entered Level 5 of the Dungeon
  4323 | D:5      | Found an iron altar of Okawaru.
  4324 | D:5      | Found a glowing golden altar of the Shining One.
  4324 | D:5      | Found a hazy altar of Hepliaklqana.
  4431 | D:5      | Found a shattered altar of Ashenzari.
  4957 | D:5      | Found a blossoming altar of Fedhas.
  5063 | D:5      | Noticed Blork the orc
  5095 | D:5      | Killed Blork the orc
  5342 | D:6      | Found a staircase to the Ecumenical Temple.
  5352 | D:6      | Found a bloodstained altar of Trog.
  5379 | D:6      | Reached skill level 7 in Fighting
  5398 | D:6      | Reached skill level 1 in Short Blades
  5398 | D:6      | Reached skill level 5 in Armour
  5424 | D:6      | Found an opulent altar of Gozag.
  5427 | D:6      | Found a hide-covered altar of Uskayaw.
  5461 | D:6      | Reached XP level 9. HP: 19/57 MP: 9/9
  5820 | D:6      | Found a basalt altar of Yredelemnul.
  5823 | D:6      | Found a sacrificial altar of Ru.
  6504 | D:7      | Found a runed door.
  6509 | D:7      | Noticed Crazy Yiuf
  6512 | D:7      | Paralysed by Crazy Yiuf for 5 turns
  6533 | D:7      | Killed Crazy Yiuf
  6731 | D:8      | Reached skill level 5 in Stealth
  6760 | D:8      | Noticed a kobold demonologist
  6800 | D:8      | Noticed emiel's ghost (novice CeHu)
  6806 | D:8      | Noticed a two-headed ogre
  6896 | D:8      | Noticed a cyclops
  7028 | D:8      | Noticed a gargoyle
  7041 | D:8      | Noticed a troll
  7082 | D:8      | Killed from afar by a gargoyle

Skill      XL: |  1  2  3  4  5  6  7  8  9 |
---------------+----------------------------+-----
Stealth        | 1 2 3 4 5 |  5.0
Fighting       | 4 5 6 7 |  7.6
Dodging        | 2 3 |  3.9
Axes           | 1 2 3 4 |  4.6
Armour         | 3 4 5 |  5.3
Short Blades   | 1 2 |  2.3
Maces & Flails | |  3.8

Action                   |  1- 3 |  4- 6 |  7- 9 || total
-------------------------+-------+-------+-------++-------
Melee: Mace              |    95 |       |       ||    95
       War axe           |     3 |   110 |   389 ||   502
       Dagger            |       |       |   403 ||   403
Invok: Trog's Hand       |       |     1 |     8 ||     9
       Berserk           |       |       |     2 ||     2
       Burn Spellbooks   |       |       |     1 ||     1
  Use: Scroll            |     6 |       |     9 ||    15
       Potion            |     1 |       |     9 ||    10
  Eat: Ration            |     2 |       |     7 ||     9
       Chunk             |       |       |     3 ||     3
Armor: Ring mail         |    51 |    14 |    12 ||    77
       Animal skin       |     4 |       |       ||     4
       Chain mail        |       |   115 |   316 ||   431
       Plate armour      |       |       |   104 ||   104
Dodge: Dodged            |    87 |    84 |   299 ||   470
